 Dungeon Crawl Stone Soup version 0.20-a0-926-g560771d (webtiles) character file.

315 Rrauwl the Bolt Thrower (level 6, 0/48 HPs)
             Began as a Barachi Hunter on Mar 28, 2017.
             Slain by an orc
             ... wielding a +0 hand axe
              (2 damage)
             ... on level 3 of the Dungeon.
             The game lasted 00:10:25 (1937 turns).

Rrauwl the Bolt Thrower (Barachi Hunter)            Turns: 1937, Time: 00:10:25

Health: 0/48       AC:  7    Str: 13    XL:     6   Next: 44%
Magic:  6/6        EV: 10    Int: 13    God:
Gold:   72         SH:  0    Dex: 13    Spells: 5/5 levels left

rFire    . . .     SeeInvis .   e - +0 falchion
rCold    . . .     Gourm    .   (no shield)
rNeg     . . .     Faith    .   m - +1 scale mail
rPois    .         Spirit   .   (no helmet)
rElec    .         Reflect  .   (no cloak)
rCorr    .         Harm     .   (no gloves)
MR       .....                  (no boots)
Stlth    +.........             c - amulet of magic regeneration
Regen    0.2/turn               (no ring)
MPRegen  0.2/turn               (no ring)

@: flying, slow
A: +LOS, swims, slowness 1, strong legs 1
a: Hop


You were on level 3 of the Dungeon.
You were not hungry.

You visited 1 branch of the dungeon, and saw 3 of its levels.

You collected 72 gold pieces.

Inventory:

Hand Weapons
 a - a +1 hand crossbow
 b - a +0 short sword
 e - a +0 falchion (weapon)
Armour
 m - a +1 scale mail (worn)
Jewellery
 c - an amulet of magic regeneration (around neck)
Scrolls
 h - a scroll of remove curse
 i - 2 scrolls of teleportation
Comestibles
 f - 4 bread rations
 g - 3 royal jellies
 k - 7 chunks of flesh
 q - 2 meat rations


   Skills:
 - Level 4.1 Fighting
 + Level 1.2 Long Blades
 + Level 5.1 Crossbows
 - Level 4.1 Dodging
 - Level 3.0 Stealth


You had 5 spell levels left.
You didn't know any spells.

Dungeon Overview and Level Annotations

Branches:
Dungeon (3/15)

Altars:
Ru
Yredelemnul


Innate Abilities, Weirdness & Mutations

Shadows flee at your approach. (+LOS)
You can swim through water.
You cover ground slowly.
You can hop short distances.


Message History

The orc priest hits you with a hand axe of chopping.
The orc closely misses you.
Throwing (i - inventory):
o - a tomahawk of returning (quivered)
Press: ? - help, Shift-Dir - straight line, f/p - orc priest
Aim: an orc priest, wielding a hand axe of chopping (heavily wounded)
You throw a tomahawk of returning.
The tomahawk of returning closely misses the orc priest.
The tomahawk of returning fails to return to your pack!
The orc priest mumbles some strange prayers to Beogh against you.
Beogh smites you!
* * * LOW HITPOINT WARNING * * *
The orc hits you with a hand axe.
* * * LOW HITPOINT WARNING * * *
The orc priest hits you but does no damage.
Wield which item (- for none, * to show all)? (? for menu, Esc to quit)
e - a +0 falchion (weapon)
It was a potion of flight.
You feel very buoyant.
You fly up into the air.
The orc hits you with a hand axe.
You die...

*,..#....#*,,,,,,,,,*
***,..#....#*,,,,,,,,,*
*,,,,.(....#**,,.,,,,,*
*,***#.(.$.# *...,,,,,*
*,***#.(...###.....,,,###
*,#,,,.............,,,...
#.#.###.....#.....,,,,...
#..(((.o..........,,,,...
***,*#((@...#....,,,,,###
*,*#.o....(.###########
*,*#(................##
*,*#.................##
*.##>..................
#......................
#####.................#
#......)..........#
#.................#


You could see an orc priest and an orc.

Vanquished Creatures
  Sigmund (D:2)
  An orc priest (D:3)
  4 gnolls (D:2)
  An adder (D:2)
  An ooze (D:3)
  4 worms
  2 dart slugs (D:1)
  2 leopard geckos (D:2)
  2 orcs (D:3)
  2 giant cockroaches
  8 goblins
  11 hobgoblins
  6 jackals
  11 bats
  3 frilled lizards (D:2)
  5 kobolds
  8 rats
72 creatures vanquished.

Notes
Turn   | Place    | Note
-------+----------+-------------------------------------------
     0 | D:1      | Rrauwl the Barachi Hunter began the quest for the Orb.
     0 | D:1      | Reached XP level 1. HP: 17/17 MP: 1/1
    28 | D:1      | Reached skill level 1 in Stealth
   198 | D:1      | Reached XP level 2. HP: 23/23 MP: 2/2
   361 | D:1      | Reached XP level 3. HP: 22/28 MP: 3/3
   794 | D:2      | Found a sacrificial altar of Ru.
   816 | D:2      | Reached XP level 4. HP: 13/35 MP: 4/4
   985 | D:2      | Found a basalt altar of Yredelemnul.
  1153 | D:2      | Noticed Sigmund
  1188 | D:2      | Killed Sigmund
  1188 | D:2      | Reached XP level 5. HP: 13/42 MP: 5/5
  1188 | D:2      | Reached XP level 6. HP: 14/48 MP: 6/6
  1924 | D:3      | Reached skill level 5 in Crossbows
  1932 | D:3      | Reached skill level 1 in Long Blades
  1935 | D:3      | HP: 1/48 [orc/hand axe (3)]
  1937 | D:3      | Slain by an orc

Vault maps used:
D:1:      zelgadis_glass_arrival_large
D:2:      lemuel_doored_altar, old_standard_altar, uniq_sigmund
D:3:      first_bread, serial_bayou_lake_a

Skill      XL: |  1  2  3  4  5  6 |
---------------+-------------------+-----
Stealth        | 1 2 3 |  3.0
Fighting       | 3 4 |  4.1
Dodging        | 3 4 |  4.1
Crossbows      | 5 |  5.1
Long Blades    | 1 |  1.2

Action                   |  1- 3 |  4- 6 || total
-------------------------+-------+-------++-------
 Fire: Hand crossbow     |    88 |   101 ||   189
Throw: Tomahawk          |       |     6 ||     6
 Abil: Hop               |     1 |     1 ||     2
  Use: Potion            |       |     3 ||     3
       Scroll            |       |    10 ||    10
  Eat: Chunk             |       |     4 ||     4
Armor: Leather armour    |     8 |     1 ||     9
       Scale mail        |       |    13 ||    13
Dodge: Dodged            |    32 |    16 ||    48
